 Dungeon Crawl Stone Soup version 0.19.0-24-gb05acd6 (webtiles) character file.

14 Iskender the Covered (level 2, 17/21 HPs)
             Began as a Formicid Wanderer on Nov 21, 2016.
             Quit the game on level 1 of the Dungeon.
             The game lasted 00:06:19 (710 turns).

Iskender the Covered (Formicid Wanderer)             Turns: 710, Time: 00:06:20

Health: 17/21      AC:  3    Str: 16    XL:     2   Next: 55%
Magic:  3/3        EV: 11    Int: 14    God:
Gold:   29         SH:  4    Dex: 11    Spells: 2 memorised, 0 levels left

rFire  . . .     SeeInvis +     d - +0 club
rCold  . . .     Gourm    .     l - +0 leather armour (curse)
rNeg   . . .     Faith    .     c - +0 buckler
rPois  .         Spirit   .     (helmet unavailable)
rElec  .         Reflect  .     (no cloak)
rCorr  .         Harm     .     (no gloves)
MR     .....                    (no boots)
Stlth  ..........               (no amulet)
                                i - ring of loudness (curse)
                                e - +4 ring of intelligence

@: no status effects
A: permanent stasis, dig shafts and tunnels, four strong arms, antennae 3
a: Dig, Shaft Self


You were on level 1 of the Dungeon.
You were not hungry.

You visited 1 branch of the dungeon, and saw 1 of its levels.

You collected 29 gold pieces.

Inventory:

Hand Weapons
 d - a +0 club (weapon)
 h - a +0 club
Missiles
 j - 21 stones (quivered)
 o - 18 bolts
Armour
 b - a +0 ring mail
 c - a +0 buckler (worn)
 l - a cursed +0 leather armour (worn)
Jewellery
 e - a +4 ring of intelligence (left hand)
 i - a cursed ring of loudness (right hand)
Scrolls
 n - 2 scrolls of enchant weapon {unknown}
 p - a scroll of recharging {unknown}
Potions
 k - 3 potions of magic {unknown}
 m - 2 potions of heal wounds {unknown}
Books
 a - a book of Minor Magic

   Spells                             Type                      Level
   a - Magic Dart                     Conjuration                  1
   b - Blink                          Translocation                2
   c - Call Imp                       Summoning                    2
   d - Repel Missiles                 Charms/Air                   2
   e - Slow                           Hexes                        2
   f - Conjure Flame                  Conjuration/Fire             3
   g - Mephitic Cloud                 Conjuration/Poison/Air       3
Comestibles
 f - a bread ration
 g - a meat ration


   Skills:
 - Level 1.1 Fighting
 - Level 4.3 Armour
 - Level 2.4 Shields
 - Level 1.1 Spellcasting
 - Level 1.2 Conjurations
   Level 2.0 Charms
 + Level 1.1 Summonings


You couldn't memorise any spells.
You knew the following spells:

 Your Spells              Type           Power        Failure   Level  Hunger
a - Magic Dart            Conj           #...         21%         1    ##.....
b - Call Imp              Summ           #.......     34%         2    ###....


Dungeon Overview and Level Annotations

Branches:
Dungeon (1/15)

Altars:


Innate Abilities, Weirdness & Mutations

You are under a permanent stasis effect.
You can dig through walls and to a lower floor.
Your four strong arms can wield two-handed weapons with a shield.
You have a pair of large antennae on your head. (SInv)


Message History

You start resting.
Magic restored.
You start resting.
Your crimson imp disappears in a puff of smoke!
A frilled lizard comes into view.
Casting: Call Imp
Confirm with . or Enter, or press ? or * to list all spells.
Aiming: Magic Dart
Press: ? - help, Shift-Dir - straight line, f - frilled lizard
Aim: a frilled lizard The magic dart hits the frilled lizard.
You kill the frilled lizard!
Casting: Magic Dart
Confirm with . or Enter, or press ? or * to list all spells.
Aiming: Magic Dart
Press: ? - help, Shift-Dir - straight line, f - you
Okay, then.
Unknown command.
m - 2 viscous sapphire potions Are you sure you want to abandon this character and quit the game? (Confirm with "yes".)

######.........#.
#.........#.
#.........#.
#####...........
#.....###.......
#.....####......
######.............#.
####....#.............#.
#......@##........###...
#.......##.....#........
#......#####...#........
#......# #...#...)....
#......# #...#........
#......####....####.....
#.......................
######..............#'##
#..............#...


There were no monsters in sight!

Vanquished Creatures
  2 dart slugs (D:1)
  A bat (D:1)
  A giant cockroach (D:1)
  A goblin (D:1)
  A hobgoblin (D:1)
  A frilled lizard (D:1)
  A kobold (D:1)
  2 rats (D:1)
10 creatures vanquished.

Notes
Turn   | Place    | Note
-------+----------+-------------------------------------------
     0 | D:1      | Iskender the Formicid Wanderer began the quest for the Orb.
     0 | D:1      | Iskender set off with: a book of Minor Magic, a +0 ring mail, a +0 buckler, a +0 club, a bread ration
     0 | D:1      | Reached XP level 1. HP: 15/15 MP: 2/2
     2 | D:1      | Learned a level 1 spell: Magic Dart
   270 | D:1      | Reached skill level 1 in Conjurations
   286 | D:1      | Reached XP level 2. HP: 14/21 MP: 1/3
   294 | D:1      | Learned a level 2 spell: Call Imp
   497 | D:1      | Reached skill level 1 in Summonings
   710 | D:1      | Quit the game

Skill      XL: |  1  2 |
---------------+-------+-----
Conjurations   | 1 |  1.2
Summonings     | 1 |  1.1
Fighting       | |  1.1
Armour         | |  4.3
Shields        | |  2.4
Spellcasting   | |  1.1
Charms         | |  2.0

Action                   || total
-------------------------++-------
Melee: Club              ||    42
Throw: Stone             ||     7
 Cast: Magic Dart        ||     8
       Call Imp          ||     1
Armor: Ring mail         ||     7
       Leather armour    ||     5
Dodge: Dodged            ||    18
Block: Buckler           ||     6
